 Dungeon Crawl Stone Soup version 0.23-a0-269-g65e0026 (webtiles) character file.

4 mhoghedin the Ducker (level 1, -2/14 HPs)
             Began as a Tengu Monk on Sept 30, 2018.
             Killed from afar by a dart slug (6 damage)
             ... with a slug dart
             ... on level 1 of the Dungeon.
             The game lasted 00:00:14 (60 turns).

mhoghedin the Ducker (Tengu Monk)                     Turns: 60, Time: 00:00:15

Health: -2/14      AC:  2    Str: 11    XL:     1   Next: 70%
Magic:  2/2        EV: 14    Int: 10    God:
Gold:   0          SH:  0    Dex: 16    Spells: 0/0 levels left

rFire    . . .     SeeInvis .   a - +0 falchion
rCold    . . .     Gourm    .   (no shield)
rNeg     . . .     Faith    .   b - +0 robe
rPois    .         Spirit   .   (helmet restricted)
rElec    .         Reflect  .   (no cloak)
rCorr    .         Harm     .   (no gloves)
MR       .....                  (boots unavailable)
Stlth    ++........             (no amulet)
HPRegen  0.04/turn              (no ring)
MPRegen  0.08/turn              (no ring)

@: no status effects
A: beak, talons 3
a: no special abilities


You were on level 1 of the Dungeon.
You were not hungry.

You visited 1 branch of the dungeon, and saw 1 of its levels.

Inventory:

Hand Weapons
 a - a +0 falchion (weapon)
Armour
 b - a +0 robe (worn)
Comestibles
 c - a ration


   Skills:
 + Level 3.1 Fighting
 + Level 3.4 Long Blades
 + Level 3.4 Dodging
 - Level 2.0 Stealth


You couldn't memorise any spells.
You didn't know any spells.
Your spell library was empty.

Dungeon Overview and Level Annotations

Branches:
Dungeon (1/15)

Altars:


Innate Abilities, Weirdness & Mutations

You have a beak for a mouth.
You have claws for feet.


Message History

Welcome, mhoghedin the Tengu Monk.
The bosom of this dungeon contains the fabled artefact, the Orb of Zot.
Found a staircase leading out of the dungeon.
You open the door.
There is an open door here.
You enter the shallow water.
Moving in this stuff is going to be slow.
Found two escape hatches in the floor.
There is an escape hatch in the floor here.
You enter the shallow water.
Moving in this stuff is going to be slow.
There is an open door here.
You open the door.
There is an open door here.
A goblin comes into view. It is wielding a dagger.
The helpless goblin fails to defend itself.
You hit the goblin. Your peck misses the goblin. The goblin closely misses you.
You hit the goblin.
You kill the goblin!
No target in view!
No target in view!
No target in view!
No target in view!
No target in view!
No target in view!
No target in view!
A bat comes into view.
Things that are here:
a dagger; a ration There isn't anything to butcher here.
A kobold comes into view.
Things that are here:
a dagger; a ration
Things that are here:
a dagger; a ration The kobold shouts!
You hear an angry hiss.
A bat comes into view. x2
The kobold throws a stone.
The stone barely misses you.
A frilled lizard comes into view.
A goblin comes into view.
The bat moves out of view.
The frilled lizard barely misses you.
You closely miss the frilled lizard. You peck the frilled lizard.
You kill the frilled lizard!
The bat hits you.
The kobold throws a stone.
The stone hits you. The bat hits you but does no damage.
You hit the bat.
You kill the bat!
The kobold throws a stone.
The stone closely misses you. The goblin closely misses you.
You riposte.
You hit the goblin but do no damage. You peck the goblin.
You barely miss the goblin. The goblin hits you. The kobold barely misses you.
You riposte.
You hit the kobold.
You kill the kobold!
The goblin misses you.
You barely miss the goblin. Your kick misses the goblin. The bat misses you.
You riposte.
You miss the bat. The goblin closely misses you.
You barely miss the goblin. The bat closely misses you. The goblin hits you.
You are too injured to fight recklessly!
You are too injured to fight recklessly!
You are too injured to fight recklessly!
You are too injured to fight recklessly!
You are too injured to fight recklessly!
You are too injured to fight recklessly!
You are too injured to fight recklessly!
You are too injured to fight recklessly!
You are too injured to fight recklessly!
You are too injured to fight recklessly!
You take 8 damage, and have 6/14 hp.
MASSIVE DAMAGE!!
You closely miss the goblin. Your kick misses the goblin.
The bat completely misses you. The goblin barely misses you.
You riposte.
You hit the goblin.
You kill the goblin!
A dart slug comes into view.
The bat completely misses you.
You see here a goblin corpse.
You hit the bat. The bat hits you but does no damage.
You see here a kobold corpse.
The bat misses you. The bat closely misses you. The dart slug bites you.
You take 1 damage, and have 5/14 hp.
You hit the dart slug. The bat hits you but does no damage.
You hit the dart slug. The bat misses you. The bat hits you.
* * * LOW HITPOINT WARNING * * *
The dart slug misses you.
You take 1 damage, and have 4/14 hp.
You hit the dart slug. You peck the dart slug. The bat completely misses you.
The dart slug launches a dart at you. The slug dart hits you!
You die...

###...##≈≈≈# #
#....#.'...'≈≈≈≈# #.
#....#.#...##≈≈≈#
#.###...##.##...#.≈≈#
........##.##...##.≈#
..##..##.###...#.≈#
...#.##.# #...##>#
#w#....# ##[..###
##.##@..)#######...
#...b.††.......?....
.....####...(....b####
.... #.(...#...##
###.....†##..?.....
####... ...####..
..... ..## . ...###.
... ..# #.....


You could see a dart slug and a bat.

Vanquished Creatures
  2 goblins (D:1)
  A bat (D:1)
  A frilled lizard (D:1)
  A kobold (D:1)
5 creatures vanquished.

Notes
Turn   | Place    | Note
-------+----------+-------------------------------------------
     0 | D:1      | mhoghedin the Tengu Monk began the quest for the Orb.
     0 | D:1      | Reached XP level 1. HP: 14/14 MP: 2/2
    60 | D:1      | Killed from afar by a dart slug

Vault maps used:
D:1:      evilmike_arrival_crescent

Action                   || total
-------------------------++-------
Melee: Falchion          ||    12
       Peck              ||     3
 Stab: Sleeping          ||     1
Armor: Robe              ||     3
Dodge: Dodged            ||    19
       Rpst.: Falchion   ||     4

Table legend:
 A = Non-vault XP
 B = Vault XP
 C = Vault XP percentage of total XP
 D = Non-vault monster count
 E = Vault monster count
 F = Vault count percentage of total count
                 A         B        C        D         E       F
            +---------+---------+-------+---------+---------+-------
      Total |       7 |       0 |   0.0 |       5 |       0 |   0.0
            +---------+---------+-------+---------+---------+-------
        D:1 |       7 |       0 |   0.0 |       5 |       0 |   0.0
            +---------+---------+-------+---------+---------+-------

Vault maps used:
D:1:      evilmike_arrival_crescent

Table legend:
 A = Turns spent in this place as a percentage of turns spent in the entire game.
 B = Non-inter-level travel turns spent in this place as a percentage of non-inter-level travel turns spent in the entire game.
 C = Inter-level travel turns spent in this place as a percentage of turns spent in this place.
 D = Turns resting spent in this place as a percentage of non-inter-level travel turns spent in this place.
 E = Turns spent auto-exploring this place as a percentage of non-inter-level travel turns spent in this place.
 F = Non-inter-level travel turns spent in this place divided by the number of levels of this place that you've seen.
                   A       B       C       D       E      F
               +-------+-------+-------+-------+-------+----------------------
         Total | 100.0 | 100.0 |   0.0 |   0.0 |  55.0 |  60.0
       Dungeon | 100.0 | 100.0 |   0.0 |   0.0 |  55.0 |  60.0
               +-------+-------+-------+-------+-------+----------------------

Table legend:
 A = Kills in this place as a percentage of kills in entire the game.
 B = Kills by you in this place as a percentage of kills by you in the entire game.
 C = Kills by friends in this place as a percentage of kills by friends in the entire game.
 D = Other kills in this place as a percentage of other kills in the entire game.
 E = Experience gained in this place as a percentage of experience gained in the entire game.
 F = Experience gained in this place divided by the number of levels of this place that you have seen.
                   A       B       C       D       E      F
               +-------+-------+-------+-------+-------+----------------------
         Total | 100.0 | 100.0 |   N/A |   N/A | 100.0 |   7.0
       Dungeon | 100.0 | 100.0 |   N/A |   N/A | 100.0 |   7.0
               +-------+-------+-------+-------+-------+----------------------
